 Dungeon Crawl Stone Soup version 0.30.0-18-gc0e69614cb (webtiles) character file.

Game seed: 9128156702169250371

30 zazu2006 the Sneak (level 3, -8/28 HPs)
             Began as a Gnoll Wanderer on May 23, 2023.
             Mangled by an ogre
             ... wielding a +0 giant spiked club
              (36 damage)
             ... on level 4 of the Dungeon.
             The game lasted 00:03:22 (1694 turns).

zazu2006 the Sneak (Gnoll Wanderer)                 Turns: 1694, Time: 00:03:23

Health: -8/28      AC:  4    Str: 11    XL:     3   Next: 20%
Magic:  8/9        EV: 12    Int: 11    God:
Gold:   34         SH:  0    Dex: 13    Spells: 11/12 levels left

rFire   + . .        a - +2 dagger
rCold   . . .        (no shield)
rNeg    . . .        g - +0 leather armour {rF+}
rPois   .            (no helmet)
rElec   .            l - +0 cloak
rCorr   .            (no gloves)
SInv    .            (no boots)
Will    .....        (no amulet)
Stlth   +++          (no ring)
HPRegen 0.24/turn    (no ring)
MPRegen 0.11/turn

%: no passive effects
@: no status effects
A: fangs 1, strong nose, distributed training
a: no special abilities


You were on level 4 of the Dungeon.
You visited 1 branch of the dungeon, and saw 3 of its levels.

You collected 34 gold pieces.

Inventory:

Hand Weapons
 a - a +2 dagger (weapon)
 d - a +0 falchion
Missiles
 c - 9 boomerangs (quivered)
Armour
 g - a +0 leather armour of fire resistance (worn)
 l - a +0 cloak (worn)
Scrolls
 b - a scroll of butterflies
 e - a scroll of fog
 i - a scroll of teleportation {unknown}
 j - a scroll of blinking {unknown}
 k - a scroll of noise {unknown}
 n - 3 scrolls of silence {unknown}
Potions
 f - a potion of attraction {unknown}
 h - 2 potions of invisibility {unknown}
 m - a potion of flight {unknown}


   Skills:
 + Level 2.6 Fighting
 + Level 0.7 Short Blades
 + Level 0.7 Long Blades
 + Level 0.7 Axes
 + Level 0.7 Maces & Flails
 + Level 0.7 Polearms
 + Level 0.7 Staves
 + Level 0.7 Ranged Weapons
 + Level 2.6 Throwing
 + Level 2.6 Armour
 + Level 2.6 Dodging
 + Level 7.8 Stealth
 + Level 0.7 Shields
 + Level 0.7 Unarmed Combat
 + Level 5.0 Spellcasting
 + Level 0.5 Conjurations
 + Level 0.5 Hexes
 + Level 0.5 Summonings
 + Level 0.5 Necromancy
 + Level 0.5 Translocations
 + Level 0.5 Transmutations
 + Level 0.5 Fire Magic
 + Level 0.5 Ice Magic
 + Level 0.5 Air Magic
 + Level 0.5 Earth Magic
 + Level 0.5 Poison Magic
 + Level 0.9 Invocations
 + Level 0.7 Evocations


You had 11 spell levels left.
You knew the following spells:

 Your Spells              Type           Power      Damage    Failure   Level
a - Shock                 Conj/Air       12%        1d3       22%         1

Your spell library contained the following spells:

 Spells                   Type           Power      Damage    Failure   Level
 Swiftness                Air            3%         N/A       56%         3


Dungeon Overview and Level Annotations

Branches:
Dungeon (2/15)

Altars:


Innate Abilities, Weirdness & Mutations

You have very sharp teeth.
Your uncanny sense of smell can sniff out nearby items.
Your experience applies equally to all skills.


Message History

The ball python is severely wounded.
The ball python hisses angrily.
Casting: Shock (safe; 22% risk of failure)
Confirm with . or Enter, or press ? or * to list all spells.
Aiming: Shock (safe; 22% risk of failure)
Press: ? - help, Shift-Dir - straight line, f/p - ball python
Aim: a ball python (severely wounded, 60% to hit)
You miscast Shock.
You are very lightly contaminated with residual magic.
Nothing appears to happen.
An ogre comes into view. It is wielding a +0 giant spiked club.
Casting: Shock (safe; 22% risk of failure)
Confirm with . or Enter, or press ? or * to list all spells.
Aiming: Shock (safe; 22% risk of failure)
Press: ? - help, Shift-Dir - straight line, f/p - ball python
Aim: a ball python (severely wounded, 60% to hit)
You miscast Shock.
Nothing appears to happen.
Casting: Shock (safe; 22% risk of failure)
Confirm with . or Enter, or press ? or * to list all spells.
Aiming: Shock (safe; 22% risk of failure)
Press: ? - help, Shift-Dir - straight line, f/p - ball python
Aim: a ball python (severely wounded, 60% to hit)
You miscast Shock.
Nothing appears to happen.
Casting: Shock (safe; 22% risk of failure)
Confirm with . or Enter, or press ? or * to list all spells.
Aiming: Shock (safe; 22% risk of failure)
Press: ? - help, Shift-Dir - straight line, f/p - ball python
Aim: a ball python (severely wounded, 60% to hit)
The zap hits the ball python.
You kill the ball python!
Found 11 gold pieces.
You now have 34 gold pieces (gained 11).
Your magical contamination has completely faded away.
Found 13 gold pieces.
You see here 13 gold pieces.
The ogre shouts!
The ogre attacks as you move away!
The ogre hits you with a +0 giant spiked club!!!
Ouch! That really hurt!
You die...

### ... #.# #.# ######
#########.###.....
#########@................
##......#O.##.##.#.###.....
##....$....###.##.#.#
#.####
#...............#...# #.#
.................##..# #.#
##....#########..##..###.#
...... #~.~# #..###.....#
##.... ##### ##......####
##.. #####...##


You could see an ogre.

Vanquished Creatures
  2 dart slugs
  2 endoplasms (D:1)
  2 giant cockroaches (D:1)
  2 goblins
  A hobgoblin (D:1)
  A quokka (D:1)
  7 ball pythons
  3 bats (D:1)
  A frilled lizard (D:1)
  4 kobolds
  2 rats (D:1)
27 creatures vanquished.

Notes
Turn   | Place    | Note
-------+----------+-------------------------------------------
     0 | D:1      | zazu2006 the Gnoll Wanderer began the quest for the Orb.
     0 | D:1      | zazu2006 set off with the following items: a +2 dagger, a
                  | scroll of butterflies, 9 boomerangs, a +0 dagger, a scroll
                  | of fog, a +0 robe; and the following spell memorised:
                  | Shock; and the following spells available to memorise:
                  | Swiftness.
     0 | D:1      | Reached XP level 1. HP: 17/17 MP: 6/6
   225 | D:1      | Reached XP level 2. HP: 23/23 MP: 3/7
  1240 | D:1      | Reached skill level 5 in Spellcasting
  1240 | D:1      | Reached XP level 3. HP: 28/28 MP: 3/9
  1625 | D:2      | You fall into a shaft and drop 2 floors!
  1659 | D:4      | Noticed an ogre
  1694 | D:4      | Mangled by an ogre

Illustrated notes

Levels and vault maps discovered:
D:1:      heliophobic_arrival_glass_houses, layout_loops_ring,
          grunt_decor_fettered
D:2:      layout_basic, nicolae_ecumenical_snake_handling,
          kennysheep_generic_room_9
D:4:      layout_rooms, serial_aquarium, aquarium_bridge_long_separate
          [aquarium_subvault_bridge, aquarium_subvault_wall,
          aquarium_subvault_balcony, aquarium_subvault_window,
          aquarium_subvault_bridge, aquarium_subvault_bridge],
          aquarium_window_2, aquarium_window_1, aquarium_view_2c,
          aquarium_pool_1

Skill      XL: |  1  2 |
---------------+-------+-----
Spellcasting   | 5 |  5.0
Fighting       | |  2.6
Short Blades   | |  0.7
Long Blades    | |  0.7
Axes           | |  0.7
Maces & Flails | |  0.7
Polearms       | |  0.7
Staves         | |  0.7
Ranged Weapons | |  0.7
Throwing       | |  2.6
Armour         | |  2.6
Dodging        | |  2.6
Stealth        | |  7.8
Shields        | |  0.7
Unarmed Combat | |  0.7
Conjurations   | |  0.5
Hexes          | |  0.5
Summonings     | |  0.5
Necromancy     | |  0.5
Translocations | |  0.5
Transmutations | |  0.5
Fire Magic     | |  0.5
Ice Magic      | |  0.5
Air Magic      | |  0.5
Earth Magic    | |  0.5
Poison Magic   | |  0.5
Invocations    | |  0.9
Evocations     | |  0.7

Action                     || total
---------------------------++-------
  Melee: Dagger            ||    28
         Bite              ||     1
         Punch             ||     1
   Cast: Shock             ||    58
 Armour: Leather armour    ||     7
  Dodge: Dodged            ||    33
